[Event "Titled Tuesday Blitz January 10 Early 2023"]
[White "Jenkins, Drake"]
[Black "Soham Kamotra"]
[WhiteFideId "2022397"]
[BlackFideId "46647490"]
[WhiteElo "2130"]
[BlackElo "2319"]
[Result "1/2-1/2"]
[Round "01"]
[TimeControl "180+2"]
[Date "2023.01.10"]
[WhiteClock "0:00:05"]
[BlackClock "0:00:20"]

1. Nf3 Nf6 2. c4 b6 3. g3 Bb7 4. Bg2 e6 5. O-O Be7 6. Nc3 O-O 7. Rb1 d5 8. cxd5 exd5 9. d4 Nbd7 10. Bf4 c5 11. Rc1 a6 12. dxc5 bxc5 13. Qa4 Qb6 14. Qc2 h6 15. Rfd1 Rfe8 16. Ne5 Nxe5 17. Bxe5 d4 18. Bxf6 Bxf6 19. Na4 Qb5 20. Bxb7 Qxb7 21. Nxc5 Qd5 22. b4 a5 23. Nd3 axb4 24. Nxb4 Qb5 25. Nd3 Ra3 26. Rb1 Qa5 27. Rb2 Ra8 28. h4 Rxa2 29. Rxa2 Qxa2 30. Qxa2 Rxa2 31. Kf1 Kf8 32. Nb4 Ra5 33. Nc6 Rd5 34. e3 Rc5 35. Nxd4 Bxd4 36. exd4 Rc2 37. Ke1 Ke7 38. Rd2 Rc1+ 39. Ke2 Kd6 40. Ke3 Re1+ 41. Re2 Ra1 42. Rd2 Ra3+ 43. Kf4 Ra5 44. g4 g6 45. f3 f6 46. Ke4 Ra1 47. Rb2 Re1+ 48. Kf4 Rd1 49. Rb6+ Ke7 50. Ke4 Re1+ 51. Kd5 Rf1 52. Rb7+ Kf8 53. Ke4 Re1+ 54. Kf4 Rf1 55. g5 fxg5+ 56. hxg5 hxg5+ 57. Kxg5 Rxf3 58. Kxg6 Ke8 59. Rb5 Kd7 60. d5 Kd6 61. Kg5 Rf1 62. Kg4 Rf8 63. Kg5 Rc8 64. Kf5 Rc2 65. Ke4 Re2+ 66. Kd3 Re1 67. Kd4 Rd1+ 68. Ke4 Rc1 69. Rb6+ Kd7 70. Ke5 Kc7 71. Rc6+ Rxc6 72. dxc6 Kc8 73. Kd6 Kd8 74. Kd5 Kc7 75. Kc5 Kc8 76. Kb6 Kb8 77. c7+ Kc8 78. Kc6 1/2-1/2


[Site "https://www.chess.com"]

[Event "Titled Tuesday Blitz January 10 Early 2023"]
[White "Lamaze, Simon"]
[Black "Mosutha, Thuso"]
[WhiteFideId "36069264"]
[BlackFideId "11302550"]
[WhiteElo "2363"]
[BlackElo "1978"]
[Result "1-0"]
[Round "01"]
[TimeControl "180+2"]
[Date "2023.01.10"]
[WhiteClock "0:02:03"]
[BlackClock "0:01:09"]

1. e4 c5 2. Nf3 d6 3. d4 cxd4 4. Nxd4 a6 5. c4 Nf6 6. Nc3 g6 7. Be3 Bg7 8. Be2 O-O 9. O-O Nc6 10. Nc2 h5 11. f3 e6 12. Qd2 Re8 13. Rad1 Bf8 14. Bg5 Be7 15. Bf4 e5 16. Be3 Be6 17. Nd5 Bxd5 18. cxd5 Nb8 19. b4 Nbd7 20. a4 Rc8 21. Na3 Nh7 22. Rc1 Rxc1 23. Rxc1 Bg5 24. Bxg5 Nxg5 25. a5 Nf8 26. Qe3 Qf6 27. Rc7 Re7 28. Rc8 Kg7 29. Nc4 Nfh7 30. h4 1-0


[Site "https://www.chess.com"]

[Event "Titled Tuesday Blitz January 10 Early 2023"]
[White "Putri, Regita Desyari"]
[Black "Renjith, Sravan"]
[WhiteFideId "7109083"]
[BlackFideId "4306783"]
[WhiteElo "1863"]
[BlackElo "2172"]
[Result "0-1"]
[Round "01"]
[TimeControl "180+2"]
[Date "2023.01.10"]
[WhiteClock "0:00:04"]
[BlackClock "0:00:06"]

1. d4 Nf6 2. c4 e6 3. Nf3 d5 4. Nc3 c5 5. Bf4 Nc6 6. e3 Be7 7. Be2 O-O 8. O-O Ne4 9. cxd5 exd5 10. Rc1 cxd4 11. Nxd4 Nxd4 12. Qxd4 Bf6 13. Be5 Bxe5 14. Qxe5 Re8 15. Qd4 Nxc3 16. Rxc3 Re4 17. Qd3 Bf5 18. Bf3 Re5 19. Qd4 Qf6 20. Rd1 h6 21. Bxd5 Kh8 22. Bf3 Qe7 23. a3 Be4 24. Bxe4 Rxe4 25. Qd6 Qg5 26. Qd7 Re7 27. Rc8+ Rxc8 28. Qxc8+ Kh7 29. Rd8 Qe5 30. Qc2+ g6 31. h3 Rc7 32. Qd2 Qf6 33. Rd4 Qe5 34. g3 Qe6 35. h4 Qh3 36. Rf4 Qe6 37. Kg2 Rc5 38. b4 Rd5 39. Qc3 Rd7 40. Rd4 Re7 41. Rd8 f6 42. Rd4 h5 43. e4 Qe5 44. f4 Qe6 45. Kf3 Qg4+ 46. Kf2 Qh3 47. Rd6 Qh2+ 48. Kf3 Qh1+ 49. Kf2 Qxe4 50. Rxf6 Qe2+ 51. Kg1 Qd1+ 52. Kg2 Re2+ 53. Kf3 Qf1# 0-1


[Site "https://www.chess.com"]

[Event "Titled Tuesday Blitz January 10 Early 2023"]
[White "Fiorito, Joaquin"]
[Black "Mohota, Nisha"]
[WhiteFideId "180173"]
[BlackFideId "5004330"]
[WhiteElo "2405"]
[BlackElo "2177"]
[Result "1-0"]
[Round "01"]
[TimeControl "180+2"]
[Date "2023.01.10"]
[WhiteClock "0:00:24"]
[BlackClock "0:00:02"]

1. d4 Nf6 2. Nc3 d5 3. Bf4 c6 4. e3 e6 5. Nf3 Bb4 6. Bd3 Ne4 7. Bxe4 dxe4 8. Nd2 f5 9. O-O O-O 10. Ne2 Nd7 11. a3 Be7 12. h3 Nf6 13. c4 Bd6 14. Bxd6 Qxd6 15. c5 Qc7 16. Nc4 e5 17. Nxe5 Nd5 18. Nc3 Be6 19. Nxd5 Bxd5 20. b4 f4 21. Qg4 f3 22. g3 Rf6 23. Rab1 a6 24. a4 Be6 25. Qg5 Bxh3 26. Rfd1 Rh6 27. Ng4 Rg6 28. Qe5 Qd7 29. Nh2 Re8 30. Qf4 Bg2 31. g4 Rh6 32. d5 Rf8 33. dxc6 Qe7 34. Qg3 Rh3 35. Qd6 Qh4 36. cxb7 Rxh2 37. Qxh2 Qxg4 38. Qg3 Qh5 39. Qh2 Qg4 40. b8=Q Bh3+ 41. Qbg3 Qh5 42. Qhxh3 Qf7 43. Rd7 Qf6 44. Rxg7+ 1-0


[Site "https://www.chess.com"]

[Event "Titled Tuesday Blitz January 10 Early 2023"]
[White "Onslow, Alfie"]
[Black "Iskusnyh, Sergei"]
[WhiteFideId "436976"]
[BlackFideId "4120027"]
[WhiteElo "2157"]
[BlackElo "2440"]
[Result "0-1"]
[Round "01"]
[TimeControl "180+2"]
[Date "2023.01.10"]
[WhiteClock "0:00:01"]
[BlackClock "0:00:03"]

1. e4 e6 2. d4 d5 3. e5 c5 4. c3 Nc6 5. Nf3 Nge7 6. Bd3 cxd4 7. cxd4 Nf5 8. Bxf5 exf5 9. Nc3 Be6 10. h4 h6 11. h5 Be7 12. Be3 Qb6 13. Qd2 Na5 14. b3 Bb4 15. O-O Rc8 16. Rac1 O-O 17. Bxh6 Qd8 18. Bg5 Qc7 19. Bf6 gxf6 20. exf6 f4 21. Qd3 Qd7 22. Ne5 Qd8 23. Qf3 Qxf6 24. Nxd5 Bxd5 25. Qxd5 Rcd8 26. Qe4 Bd6 27. Nf3 Nc6 28. d5 Ne5 29. Nd4 f3 30. g3 Kh8 31. Nf5 Rg8 32. Rc3 Rg4 0-1


[Site "https://www.chess.com"]

[Event "Titled Tuesday Blitz January 10 Early 2023"]
[White "Pak, Yevgeniy"]
[Black "Thiel, Thomas"]
[WhiteFideId "14201712"]
[BlackFideId "4615964"]
[WhiteElo "2384"]
[BlackElo "2234"]
[Result "1-0"]
[Round "01"]
[TimeControl "180+2"]
[Date "2023.01.10"]
[WhiteClock "0:01:19"]
[BlackClock "0:00:30"]

1. d4 Nf6 2. c4 g6 3. Nc3 d5 4. cxd5 Nxd5 5. e4 Nxc3 6. bxc3 Bg7 7. Nf3 c5 8. Rb1 O-O 9. Be2 cxd4 10. cxd4 Qa5+ 11. Bd2 Qxa2 12. O-O Bg4 13. d5 a5 14. Bg5 Re8 15. Rxb7 Nd7 16. Bb5 Rad8 17. h3 Bxf3 18. Qxf3 Ne5 19. Qg3 a4 20. Bxe8 Rxe8 21. Bxe7 Nc4 22. d6 Ne5 23. f4 Nc6 24. e5 a3 25. Qb3 Qxb3 26. Rxb3 Nxe7 27. dxe7 Rxe7 28. Rxa3 g5 29. Ra8+ Bf8 30. Rd1 1-0


[Site "https://www.chess.com"]

[Event "Titled Tuesday Blitz January 10 Early 2023"]
[White "Ciuffoletti, Paolo"]
[Black "Ginzburg, Yakov"]
[WhiteFideId "807630"]
[BlackFideId "4157176"]
[WhiteElo "2106"]
[BlackElo "2405"]
[Result "0-1"]
[Round "01"]
[TimeControl "180+2"]
[Date "2023.01.10"]
[WhiteClock "0:00:08"]
[BlackClock "0:00:48"]

1. e4 c5 2. d4 cxd4 3. c3 d3 4. Bxd3 d6 5. c4 Nf6 6. Nc3 g6 7. Nf3 Bg7 8. O-O Nc6 9. h3 O-O 10. Be3 Bd7 11. Qd2 Re8 12. Rac1 Rc8 13. Rfd1 Qa5 14. b3 Ne5 15. Be2 Nxf3+ 16. Bxf3 Bc6 17. Nd5 Qxd2 18. Rxd2 Bxd5 19. exd5 b6 20. Bd4 Nd7 21. Bxg7 Kxg7 22. Bg4 f5 23. Bf3 a5 24. Re1 a4 25. Rde2 Ne5 26. Rxe5 dxe5 27. Rxe5 a3 28. Re6 b5 29. cxb5 Rc1+ 30. Kh2 Rc2 31. Re2 Rxe2 32. Bxe2 Kf6 33. f4 e6 34. Bc4 exd5 35. Bxd5 Ke7 36. b6 Kd6 37. Bf3 Rb8 38. b7 Kc7 39. g4 Rd8 40. Kg3 Rd2 41. gxf5 gxf5 42. Kh4 Rxa2 43. b4 Rd2 44. Bh5 a2 0-1


[Site "https://www.chess.com"]

[Event "Titled Tuesday Blitz January 10 Early 2023"]
[White "Golubev, Mikhail"]
[Black "Avalos Parra, Joao"]
[WhiteFideId "14100983"]
[BlackFideId "3402541"]
[WhiteElo "2461"]
[BlackElo "2185"]
[Result "1-0"]
[Round "01"]
[TimeControl "180+2"]
[Date "2023.01.10"]
[WhiteClock "0:00:04"]
[BlackClock "0:00:11"]

1. e4 e5 2. Nf3 Nc6 3. Bc4 Bc5 4. c3 Nf6 5. d4 exd4 6. cxd4 Bb4+ 7. Nbd2 Nxe4 8. d5 Ne7 9. O-O Nxd2 10. Nxd2 d6 11. Qa4+ Bd7 12. Qxb4 O-O 13. Bb3 b6 14. Nf3 Ng6 15. Bd2 Re8 16. Qd4 Bf5 17. Rae1 Qd7 18. Bc3 f6 19. h3 Ne7 20. Qd2 a5 21. a4 Ng6 22. Nd4 Ne5 23. f4 Nf7 24. Ne6 Nd8 25. Nd4 Be4 26. f5 Nf7 27. Ne6 Ng5 28. Nxg5 fxg5 29. Qxg5 Qf7 30. Rf4 Bd3 31. Rd1 Be2 32. Rc1 Re7 33. f6 Rd7 34. fxg7 Qg6 35. Rf8+ Rxf8 36. gxf8=Q+ Kxf8 37. Qxg6 hxg6 38. Re1 Bd3 39. Re3 Bb1 40. Rf3+ Kg8 41. Rf6 Kh7 42. Rf8 Re7 43. Rh8# 1-0


[Site "https://www.chess.com"]

[Event "Titled Tuesday Blitz January 10 Early 2023"]
[White "Hartikainen, Jarmo"]
[Black "Mihajlov, Sebastian"]
[WhiteFideId "503134"]
[BlackFideId "1512110"]
[WhiteElo "2108"]
[BlackElo "2373"]
[Result "0-1"]
[Round "01"]
[TimeControl "180+2"]
[Date "2023.01.10"]
[WhiteClock "0:00:08"]
[BlackClock "0:00:11"]

1. e4 g6 2. d4 Bg7 3. Nc3 d6 4. Be3 a6 5. Be2 b5 6. g4 Bb7 7. a3 Nf6 8. Bf3 d5 9. e5 Ne4 10. Bxe4 dxe4 11. h4 h5 12. gxh5 Rxh5 13. Nge2 c5 14. Ng3 Rh8 15. Ncxe4 cxd4 16. Bxd4 Nc6 17. c3 Nxe5 18. h5 Qc7 19. Qe2 O-O-O 20. O-O-O f5 21. Ng5 Bh6 22. f4 Ng4 23. Bxh8 Qxf4+ 24. Kb1 Bxg5 25. Rxd8+ Kxd8 26. Rd1+ Kc7 27. hxg6 Qxg3 28. g7 Be4+ 29. Ka1 Nh6 30. Qe1 Qxe1 31. Rxe1 Kd6 32. Rg1 Bf6 33. g8=Q Nxg8 34. Rxg8 Bxh8 35. Rxh8 f4 36. Rf8 e5 37. a4 bxa4 38. b4 axb3 39. Kb2 Bc2 40. Kc1 a5 41. Rf6+ Kd5 42. Ra6 f3 43. Rxa5+ Ke4 44. Kd2 f2 45. Ke2 b2 46. Rb5 Bd3+ 47. Kxf2 Bxb5 0-1


[Site "https://www.chess.com"]

[Event "Titled Tuesday Blitz January 10 Early 2023"]
[White "Manelyuk, Daniil"]
[Black "Barbashin, Igor"]
[WhiteFideId "44173920"]
[BlackFideId "4155718"]
[WhiteElo "2302"]
[BlackElo "2169"]
[Result "1-0"]
[Round "01"]
[TimeControl "180+2"]
[Date "2023.01.10"]
[WhiteClock "0:00:57"]
[BlackClock "0:00:15"]

1. e4 d5 2. exd5 Nf6 3. Bb5+ Nbd7 4. Nc3 g6 5. d4 Bg7 6. Nf3 O-O 7. O-O Nb6 8. Qe2 Nbxd5 9. Nxd5 Qxd5 10. c4 Qe4 11. Qd2 Bf5 12. Re1 Qd3 13. Qxd3 Bxd3 14. Rxe7 c6 15. Ba4 b5 16. cxb5 Nd5 17. Rb7 cxb5 18. Bxb5 Be4 19. Nd2 Rab8 20. Bc6 Rxb7 21. Bxb7 Rb8 22. Bc6 Rc8 23. Bd7 Rc7 24. Nxe4 Rxd7 25. Nc5 Rc7 26. Be3 f5 27. g3 Nxe3 28. fxe3 Bf8 29. Rc1 Bxc5 30. Rxc5 Rb7 31. b3 Kf7 32. Kf2 1-0


[Site "https://www.chess.com"]

[Event "Titled Tuesday Blitz January 10 Early 2023"]
[White "Skurikhin, Dmitrij"]
[Black "Aaditya Dhingra"]
[WhiteFideId "4161297"]
[BlackFideId "25678191"]
[WhiteElo "2297"]
[BlackElo "2027"]
[Result "0-1"]
[Round "01"]
[TimeControl "180+2"]
[Date "2023.01.10"]
[WhiteClock "0:01:07"]
[BlackClock "0:01:05"]

1. d4 d5 2. Nf3 Nf6 3. c4 e6 4. Nc3 c6 5. Bg5 Nbd7 6. cxd5 exd5 7. Qc2 Be7 8. e3 O-O 9. Bd3 Re8 10. O-O h6 11. Bh4 Ne4 12. Bg3 Nxg3 13. hxg3 Bd6 14. Rab1 a5 15. a3 Nf6 16. b4 axb4 17. axb4 b5 18. Rfc1 Qe7 19. Ne2 Bd7 20. Ne5 Bxe5 21. dxe5 Qxe5 22. Nd4 Rac8 23. Qc5 Ng4 24. Nf3 Qf6 25. Ra1 Ra8 26. Ra7 Rxa7 27. Qxa7 Qb2 28. Rf1 Be6 29. Qc5 Qa3 30. Qxc6 Rb8 31. Qc7 Rc8 32. Qb7 Qxd3 33. Qxb5 Qxb5 0-1


[Site "https://www.chess.com"]

[Event "Titled Tuesday Blitz January 10 Early 2023"]
[White "Arngrimsson, Dagur"]
[Black "Lahav, Michal"]
[WhiteFideId "2301288"]
[BlackFideId "2813742"]
[WhiteElo "2370"]
[BlackElo "2187"]
[Result "1-0"]
[Round "01"]
[TimeControl "180+2"]
[Date "2023.01.10"]
[WhiteClock "0:00:44"]
[BlackClock "0:00:06"]

1. e4 e6 2. b3 d5 3. Bb2 Nf6 4. Nc3 Nc6 5. Bb5 d4 6. Nce2 Bc5 7. Nf3 O-O 8. Bxc6 bxc6 9. d3 Bb4+ 10. Kf1 c5 11. a3 Ba5 12. b4 cxb4 13. Nexd4 Bb7 14. Nb3 bxa3 15. Bxa3 Bb6 16. Bxf8 Qxf8 17. c4 c5 18. g3 Rd8 19. Qe2 Nd7 20. Kg2 f5 21. Rhe1 Kh8 22. Ng5 Qf6 23. Qh5 g6 24. Qxh7# 1-0


[Site "https://www.chess.com"]

[Event "Titled Tuesday Blitz January 10 Early 2023"]
[White "Kuchava, Ana"]
[Black "Rodriguez Fontecha, Marcos"]
[WhiteFideId "13605348"]
[BlackFideId "2256576"]
[WhiteElo "2101"]
[BlackElo "2309"]
[Result "0-1"]
[Round "01"]
[TimeControl "180+2"]
[Date "2023.01.10"]
[WhiteClock "0:00:02"]
[BlackClock "0:00:26"]

1. d4 d5 2. Nf3 Nf6 3. c4 c6 4. Qb3 g6 5. Nc3 Bg7 6. cxd5 cxd5 7. Bg5 Nc6 8. e3 O-O 9. Bxf6 Bxf6 10. Qxd5 Qb6 11. Qb5 Qd8 12. Bc4 a6 13. Qb3 Na5 14. Qb4 e5 15. d5 Be7 16. Qa4 b5 17. Bxb5 axb5 18. Qxb5 Ba6 19. Qa4 Qb6 20. O-O-O Rab8 21. b3 Rfc8 22. Kb2 Nc4+ 23. Ka1 Na3 24. Rc1 Bd3 25. Nxe5 Bf6 26. Nxd3 Rxc3 27. Rxc3 Bxc3+ 28. Nb2 Qc5 29. Qc4 Nxc4 0-1


[Site "https://www.chess.com"]

[Event "Titled Tuesday Blitz January 10 Early 2023"]
[White "Czernek, Tymon"]
[Black "Riverol, Jose"]
[WhiteFideId "1199510"]
[BlackFideId "3000427"]
[WhiteElo "2314"]
[BlackElo "2304"]
[Result "1-0"]
[Round "01"]
[TimeControl "180+2"]
[Date "2023.01.10"]
[WhiteClock "0:02:28"]
[BlackClock "0:01:03"]

1. e4 c5 2. Nf3 Nc6 3. d4 cxd4 4. Nxd4 Qb6 5. Nb3 Nf6 6. Nc3 e6 7. a3 a6 8. Be3 Qc7 9. Be2 Be7 10. O-O O-O 11. f4 d6 12. Bf3 Rb8 13. Qe1 b5 14. Qg3 b4 15. axb4 Nxb4 16. e5 Nfd5 17. Nxd5 Nxd5 18. Bxd5 exd5 19. f5 dxe5 20. f6 Bxf6 21. Rxf6 Qxc2 22. Bh6 g6 23. Qxe5 Rxb3 24. Rf2 1-0


[Site "https://www.chess.com"]

[Event "Titled Tuesday Blitz January 10 Early 2023"]
[White "Kornyukov, Alexey"]
[Black "Mendez Fortes, Eduardo Jesus"]
[WhiteFideId "4150457"]
[BlackFideId "3502376"]
[WhiteElo "2452"]
[BlackElo "2250"]
[Result "0-1"]
[Round "01"]
[TimeControl "180+2"]
[Date "2023.01.10"]
[WhiteClock "0:00:33"]
[BlackClock "0:01:03"]

1. e4 e5 2. Nf3 Nc6 3. Bc4 Nf6 4. d3 Bc5 5. O-O d6 6. c3 Bb6 7. Bg5 h6 8. Be3 O-O 9. Bxb6 axb6 10. Nbd2 Ne7 11. h3 Ng6 12. Re1 c6 13. Nf1 Re8 14. Ng3 d5 15. Bb3 Be6 16. exd5 Bxd5 17. Bxd5 Qxd5 18. Ne4 Rxa2 19. Nxf6+ gxf6 20. Qd2 Rxa1 21. Rxa1 Nf4 22. Ra7 Nxh3+ 23. gxh3 Qxf3 24. Qxh6 Qxd3 25. Kh2 Qf3 26. Ra4 Qxf2+ 27. Kh1 e4 28. Ra1 e3 29. Ra4 Qf3+ 30. Kh2 e2 31. Rg4+ Qxg4 0-1


[Site "https://www.chess.com"]

[Event "Titled Tuesday Blitz January 10 Early 2023"]
[White "Le Ruyet, Leopold"]
[Black "Lauridsen, Jesper Morch"]
[WhiteFideId "645923"]
[BlackFideId "1401890"]
[WhiteElo "2245"]
[BlackElo "2309"]
[Result "1-0"]
[Round "01"]
[TimeControl "180+2"]
[Date "2023.01.10"]
[WhiteClock "0:01:04"]
[BlackClock "0:00:24"]

1. c4 e6 2. Nf3 c5 3. e3 Nc6 4. Nc3 d5 5. cxd5 exd5 6. d4 Nf6 7. Bb5 Bg4 8. h3 Bxf3 9. Qxf3 Rc8 10. O-O a6 11. Bxc6+ Rxc6 12. dxc5 Bxc5 13. Na4 Ba7 14. Bd2 d4 15. exd4 O-O 16. Bc3 Nd5 17. Rac1 Re8 18. Rfd1 Rf6 19. Qg4 Nf4 20. d5 Ne2+ 21. Kh1 Nxc3 22. Nxc3 Bxf2 23. Ne4 Rg6 24. Qf3 Ba7 25. d6 Qh4 26. d7 Rd8 27. Rc8 Rc6 28. Nf6+ Qxf6 29. Qxf6 gxf6 30. Rxd8+ Kg7 31. Rg8+ Kxg8 32. d8=Q+ Kg7 33. Qa8 1-0


[Site "https://www.chess.com"]

[Event "Titled Tuesday Blitz January 10 Early 2023"]
[White "Sala, Giulia"]
[Black "Gulevich, Artem"]
[WhiteFideId "2840451"]
[BlackFideId "24119580"]
[WhiteElo "1998"]
[BlackElo "2304"]
[Result "1-0"]
[Round "01"]
[TimeControl "180+2"]
[Date "2023.01.10"]
[WhiteClock "0:01:23"]
[BlackClock "0:00:14"]

1. e4 c5 2. c3 Nf6 3. Qc2 Qc7 4. Nf3 e6 5. Be2 d5 6. exd5 Nxd5 7. d4 cxd4 8. Nxd4 a6 9. O-O Bd6 10. h3 O-O 11. Bf3 Nc6 12. Nxc6 bxc6 13. Nd2 e5 14. Nc4 Bc5 15. Rd1 Be6 16. Qe4 f6 17. Qh4 Rad8 18. Be3 Nxe3 19. Nxe3 Rxd1+ 20. Rxd1 Rd8 21. Be4 Rxd1+ 22. Nxd1 f5 23. Bf3 Bxa2 24. Qa4 Bd5 25. Bxd5+ cxd5 26. Qxa6 d4 27. Qe6+ Kf8 28. Qxf5+ Ke8 29. Qxh7 Qa7 30. Qg8+ Bf8 31. Qe6+ Be7 32. Qxe5 d3 33. Qb5+ 1-0


[Site "https://www.chess.com"]

[Event "Titled Tuesday Blitz January 10 Early 2023"]
[White "Karttunen, Mika"]
[Black "Cepo, Toni"]
[WhiteFideId "502081"]
[BlackFideId "4675916"]
[WhiteElo "2490"]
[BlackElo "2145"]
[Result "1-0"]
[Round "01"]
[TimeControl "180+2"]
[Date "2023.01.10"]
[WhiteClock "0:02:05"]
[BlackClock "0:01:28"]

1. c4 Nf6 2. g3 c5 3. Bg2 Nc6 4. Nf3 g6 5. Nc3 Bg7 6. O-O O-O 7. a3 d6 8. Rb1 Rb8 9. b4 b6 10. d3 Bb7 11. Qa4 a5 12. bxc5 bxc5 13. Rxb7 Rxb7 14. Qxc6 Rb6 15. Qa4 Nd7 16. Nb5 Nb8 17. Qxa5 Nc6 18. Qa4 Nd4 19. Nfxd4 cxd4 1-0


[Site "https://www.chess.com"]

[Event "Titled Tuesday Blitz January 10 Early 2023"]
[White "Hon, Eric"]
[Black "Melian, Juan Sebastian"]
[WhiteFideId "2097117"]
[BlackFideId "3706575"]
[WhiteElo "1897"]
[BlackElo "2293"]
[Result "0-1"]
[Round "01"]
[TimeControl "180+2"]
[Date "2023.01.10"]
[WhiteClock "0:00:38"]
[BlackClock "0:00:15"]

1. e4 c5 2. Nf3 e6 3. d4 cxd4 4. Nxd4 a6 5. Nc3 b5 6. a3 Bb7 7. Be3 Nf6 8. Bd3 Qc7 9. O-O h5 10. h3 d6 11. f4 Nbd7 12. Nf3 Nc5 13. Bxc5 dxc5 14. e5 Nd5 15. Nxd5 Bxd5 16. Qe2 Qb7 17. c3 Rd8 18. Rad1 Be7 19. Bc2 O-O 20. Rd2 Bc4 21. Qf2 Bxf1 22. Kxf1 Rxd2 23. Nxd2 Rd8 24. Ne4 Qd5 25. Kg1 g6 26. Kh2 Kf8 27. Qe3 h4 28. a4 Kg7 29. axb5 axb5 30. Qf2 b4 31. cxb4 cxb4 32. Nf6 Bxf6 33. exf6+ Kxf6 34. Qxh4+ Kg7 35. Be4 Qd6 36. Bf3 Rc8 37. Qg5 Rc4 38. g3 Rc2+ 39. Bg2 Rxb2 0-1


[Site "https://www.chess.com"]

[Event "Titled Tuesday Blitz January 10 Early 2023"]
[White "Marin Ramirez, Gerardo"]
[Black "Tikhonov, Viacheslav"]
[WhiteFideId "3901068"]
[BlackFideId "44196407"]
[WhiteElo "2127"]
[BlackElo "2220"]
[Result "1-0"]
[Round "01"]
[TimeControl "180+2"]
[Date "2023.01.10"]
[WhiteClock "0:00:59"]
[BlackClock "0:00:01"]

1. d4 Nf6 2. Nf3 g6 3. c4 Bg7 4. Nc3 d5 5. g3 O-O 6. Bg2 c6 7. cxd5 cxd5 8. O-O Ne4 9. Bd2 Nc6 10. e3 Nxc3 11. Bxc3 Bf5 12. Nd2 Rc8 13. Qb3 Bd3 14. Rfc1 b5 15. Bxd5 e6 16. Bxc6 Rxc6 17. Bb4 Bc4 18. Nxc4 bxc4 19. Rxc4 Rxc4 20. Qxc4 Re8 21. Rc1 Qb6 22. Qc6 Qb8 23. Bd6 Qd8 24. Bc5 e5 25. Bxa7 exd4 26. Bb6 Qe7 27. exd4 h5 28. a4 h4 29. a5 h3 30. Rf1 Qe2 31. a6 Bh6 32. a7 Kg7 33. a8=Q 1-0


[Site "https://www.chess.com"]

[Event "Titled Tuesday Blitz January 10 Early 2023"]
[White "Hirneise, Jens"]
[Black "Fabris, Alberto"]
[WhiteFideId "24614734"]
[BlackFideId "801348"]
[WhiteElo "2277"]
[BlackElo "2230"]
[Result "1-0"]
[Round "01"]
[TimeControl "180+2"]
[Date "2023.01.10"]
[WhiteClock "0:01:24"]
[BlackClock "0:01:08"]

1. d4 Nf6 2. Nf3 e6 3. Bg5 d5 4. Nbd2 Be7 5. e3 O-O 6. Bd3 c5 7. c3 Nc6 8. Qc2 h6 9. h4 Nd7 10. Bxe7 Qxe7 11. g4 e5 12. dxe5 Ndxe5 13. g5 Nxd3+ 14. Qxd3 Be6 15. gxh6 gxh6 16. O-O-O Kh8 17. Ng5 f5 18. Nxe6 Qxe6 19. Nf3 Rad8 20. Rdg1 Ne5 21. Nxe5 Qxe5 22. Rg6 Rf6 23. Rhg1 Rxg6 24. Rxg6 Kh7 25. h5 Rg8 26. Rxg8 Kxg8 27. Qb5 b6 28. Qc6 f4 29. Qa8+ Kf7 30. Qxa7+ Kg8 31. Qa8+ Kf7 32. Qb7+ Kg8 33. Qxb6 fxe3 34. Qg6+ Kf8 35. Qxh6+ Kf7 36. fxe3 1-0


[Site "https://www.chess.com"]

[Event "Titled Tuesday Blitz January 10 Early 2023"]
[White "Torres Dominguez, David"]
[Black "Di Nicolantonio, Lucas"]
[WhiteFideId "2220857"]
[BlackFideId "680460"]
[WhiteElo "1994"]
[BlackElo "2376"]
[Result "0-1"]
[Round "01"]
[TimeControl "180+2"]
[Date "2023.01.10"]
[WhiteClock "0:00:01"]
[BlackClock "0:00:14"]

1. e4 g6 2. Nc3 Bg7 3. f4 c5 4. Nf3 Nc6 5. a4 e6 6. d4 cxd4 7. Nb5 d6 8. c3 a6 9. Nbxd4 Nge7 10. Be2 O-O 11. O-O e5 12. Nxc6 Nxc6 13. f5 gxf5 14. exf5 d5 15. Ng5 Bf6 16. Rf3 Kh8 17. Nxh7 Kxh7 18. Rh3+ Bh4 19. Qe1 Bxf5 20. Rxh4+ Kg8 21. Qg3+ Bg6 22. Bh5 Qf6 23. Bg5 Qg7 24. Rf1 Bxh5 25. Rxh5 f6 26. Qd3 fxg5 27. Qxd5+ Rf7 28. Rxf7 Qxf7 29. Rh8+ Kxh8 30. Qxf7 Rd8 31. Qh5+ Kg7 32. Qxg5+ Kf7 33. h3 Ke6 34. Qg6+ Kd5 35. Qf7+ Kc5 36. Qxb7 Rd1+ 37. Kh2 a5 38. Qf7 Rd2 39. Qf8+ Kc4 40. Qf7+ Kc5 41. b4+ axb4 42. cxb4+ Nxb4 43. Qc7+ Nc6 44. a5 Ra2 45. Qb6+ Kd6 46. Qb5 Rxa5 47. Qd3+ Rd5 48. Qg6+ Kc5 49. Qf7 Rd2 50. Qf8+ Kb6 51. Qg8 e4 52. Qg5 Re2 53. Qf5 Nd4 54. Qf6+ Kc5 55. Qe7+ Kc4 56. Qc7+ Kd3 57. Qh7 Nf3+ 58. Kg3 Ne1 59. h4 Rxg2+ 60. Kh3 Re2 61. Qd7+ Ke3 62. h5 Nf3 63. h6 Rh2+ 64. Kg4 Rxh6 65. Qd1 Rg6+ 66. Kh5 Rg1 67. Qc2 Kf4 68. Qc7+ Ne5 69. Qc2 Rh1+ 0-1


[Site "https://www.chess.com"]

[Event "Titled Tuesday Blitz January 10 Early 2023"]
[White "Manukyan, Sargis A."]
[Black "Michalski, Olaf"]
[WhiteFideId "13303970"]
[BlackFideId "1106740"]
[WhiteElo "2158"]
[BlackElo "2273"]
[Result "1-0"]
[Round "01"]
[TimeControl "180+2"]
[Date "2023.01.10"]
[WhiteClock "0:01:47"]
[BlackClock "0:01:35"]

1. d4 d6 2. e3 Nd7 3. Nf3 e5 4. dxe5 dxe5 5. e4 Bc5 6. Nc3 Ngf6 7. Bc4 O-O 8. O-O c6 9. a3 b5 10. Ba2 Qb6 11. h3 a5 12. Qe2 Ba6 13. Nb1 Nh5 14. Nxe5 Nf4 15. Bxf4 1-0


[Site "https://www.chess.com"]

[Event "Titled Tuesday Blitz January 10 Early 2023"]
[White "Tarnowska, Aleksandra"]
[Black "Fiorito, Francisco"]
[WhiteFideId "1180967"]
[BlackFideId "180165"]
[WhiteElo "1835"]
[BlackElo "2305"]
[Result "0-1"]
[Round "01"]
[TimeControl "180+2"]
[Date "2023.01.10"]
[WhiteClock "0:00:02"]
[BlackClock "0:00:48"]

1. e4 c5 2. Nf3 Nc6 3. Bb5 g6 4. O-O Bg7 5. c3 Nf6 6. Re1 O-O 7. d4 d5 8. e5 Ne4 9. h3 Qb6 10. Ba4 Bf5 11. Be3 Qxb2 12. Nbd2 Nxc3 13. Qb3 Nxa4 14. Qxa4 c4 15. g4 Bd3 16. Rec1 a5 17. Ne1 Nxd4 18. Bxd4 Qxd4 19. Ndf3 Qe4 20. Qb5 Be2 21. Kg2 d4 22. Rab1 c3 0-1


[Site "https://www.chess.com"]

[Event "Titled Tuesday Blitz January 10 Early 2023"]
[White "Bilan, Danila"]
[Black "Cardozo Munar, Carlos Eduardo"]
[WhiteFideId "24161918"]
[BlackFideId "4409477"]
[WhiteElo "2303"]
[BlackElo "2043"]
[Result "1-0"]
[Round "01"]
[TimeControl "180+2"]
[Date "2023.01.10"]
[WhiteClock "0:00:26"]
[BlackClock "0:00:35"]

1. d4 d5 2. Nf3 c6 3. c4 Nf6 4. Nc3 dxc4 5. a4 Bf5 6. e3 e6 7. Bxc4 h6 8. O-O Nbd7 9. Qe2 Ne4 10. Bd3 Ndf6 11. Nd2 Nxd2 12. Bxd2 Bxd3 13. Qxd3 Be7 14. a5 a6 15. Qc4 O-O 16. Rfc1 Rc8 17. Na4 Ne4 18. Bb4 Bxb4 19. Qxb4 Rc7 20. Nc5 Qh4 21. g3 Qh3 22. Nxe4 f5 23. Nc5 Rf6 24. Qc4 Re7 25. Nd3 g5 26. Ne5 h5 27. Qf1 Qxf1+ 28. Kxf1 h4 29. Ke2 f4 30. gxf4 gxf4 31. Rg1+ Kh7 32. Rg4 fxe3 33. Rxh4+ Kg8 34. Rg1+ Rg7 35. Rxg7+ Kxg7 36. fxe3 Rf5 37. b4 Rf8 38. Rg4+ Kh6 39. Rf4 Rg8 40. Rh4+ Kg7 41. Rg4+ Kf8 42. Nd7+ Kf7 43. Rxg8 Kxg8 44. Nc5 e5 45. dxe5 Kf7 46. Nxb7 Ke6 47. Nc5+ Kxe5 48. Nxa6 Kd5 49. Nc5 Kc4 50. a6 Kb5 51. a7 Kxb4 52. a8=Q Kxc5 53. Qd8 Kc4 54. Qd4+ Kb5 55. Qc3 c5 56. h4 c4 57. h5 1-0


[Site "https://www.chess.com"]